 Dungeon Crawl Stone Soup version 0.23.2-1-ga50397a6bc (webtiles) character file.

Game seed: 17521834654178512283

147 Freyura the Shield-Bearer (level 5, 0/42 HPs)
             Began as a Formicid Fighter on Apr 26, 2019.
             Was a Follower of Qazlal.
             Slain by a gnoll
             ... wielding a cursed +0 spear
              (9 damage)
             ... on level 2 of the Dungeon.
             The game lasted 00:04:41 (1595 turns).

Freyura the Shield-Bearer (Formicid Fighter)        Turns: 1595, Time: 00:04:42

Health: 0/42       AC:  7    Str: 21    XL:     5   Next: 55%
Magic:  5/5        EV:  8    Int:  7    God:    Qazlal [*.....]
Gold:   119        SH: 11    Dex: 11    Spells: 4/4 levels left

rFire    . . .     SeeInvis +   a - +0 quarterstaff
rCold    . . .     Gourm    .   c - +0 shield
rNeg     . . .     Faith    .   b - +0 scale mail
rPois    .         Spirit   .   (helmet unavailable)
rElec    .         Reflect  .   (no cloak)
rCorr    .         Harm     .   (no gloves)
MR       .....                  (no boots)
Stlth    ..........             (no amulet)
HPRegen  0.14/turn              (no ring)
MPRegen  0.09/turn              (no ring)

@: no status effects
A: permanent stasis, dig shafts and tunnels, four strong arms, antennae 3
a: Dig, Shaft Self, Renounce Religion


You were on level 2 of the Dungeon.
You worshipped Qazlal.
Qazlal was aware of your devotion.
You were very hungry.

You visited 1 branch of the dungeon, and saw 3 of its levels.

You collected 119 gold pieces.

Inventory:

Hand Weapons
 a - a +0 quarterstaff (weapon)
Armour
 b - a +0 scale mail (worn)
 c - a +0 shield (worn)
Wands
 d - a wand of polymorph (7)
 j - a wand of clouds (6)
Scrolls
 e - a scroll of enchant weapon {unknown}
 h - 3 scrolls of identify {unknown}
 k - a scroll of remove curse {unknown}
Potions
 g - a potion of mutation {unknown}
 i - 3 potions of lignification {unknown}
 l - a potion of flight {unknown}
 m - a potion of magic {unknown}
 n - a potion of agility {unknown}
Comestibles
 f - 8 rations


   Skills:
 + Level 3.9 Fighting
 * Level 3.4 Staves
 + Level 4.0 Armour
 + Level 4.4 Shields
 + Level 0.9 Invocations
 + Level 1.2 Evocations


You had 4 spell levels left.
You didn't know any spells.
Your spell library was empty.

Dungeon Overview and Level Annotations

Branches:
Dungeon (3/15)

Altars:
Fedhas
Nemelex Xobeh
Qazlal
Ru


Innate Abilities, Weirdness & Mutations

You cannot be hasted, slowed, berserked, paralysed or teleported.
You can dig through walls and to a lower floor.
Your four strong arms can wield two-handed weapons with a shield.
You have a pair of large antennae on your head. (SInv)


Message History

The gnoll hits you but does no damage. You block the gnoll's attack. x2
You sock the gnoll!
You kill the gnoll!
Qazlal accepts your kill.
Your Armour skill increases to level 4!
You block the gnoll's attack.
The gnoll hits you from afar with a cursed +0 spear.
The gnoll barely misses you.
Things that are here:
a +0 club; a +0 spear; a gnoll corpse The gnoll barely misses you.
The gnoll hits you with a cursed +0 spear.
The gnoll hits you with a cursed +0 spear.
* * * LOW HITPOINT WARNING * * *
You hit the gnoll but do no damage. You block the gnoll's attack.
You closely miss the gnoll. You block the gnoll's attack.
You hit the gnoll.
The gnoll is moderately wounded.
The gnoll hits you with a cursed +0 spear!
You die...

#.
#.#.#......#.
#.#####
#.#.#.#......
.......
#.#.#....#...
....... #.#
.<....
....... #.#
#...#
.......## ..#
...#
........# .
.......°#
......g@#
##...##)# ###
#.# #.#
######.#
##......#
###.......#
#.........#
#.#......##


You could see a gnoll.

Vanquished Creatures
  Ijyb (D:3)
  3 gnolls (D:2)
  3 adders (D:3)
  2 oozes (D:1)
  A worm (D:3)
  A dart slug (D:1)
  2 leopard geckos
  An orc (D:3)
  3 bats
  2 giant cockroaches (D:1)
  10 goblins
  7 hobgoblins
  7 kobolds
  2 frilled lizards
  3 rats
48 creatures vanquished.

Notes
Turn   | Place    | Note
-------+----------+-------------------------------------------
     0 | D:1      | Freyura the Formicid Fighter began the quest for the Orb.
     0 | D:1      | Reached XP level 1. HP: 18/18 MP: 1/1
   172 | D:1      | Reached XP level 2. HP: 23/24 MP: 2/2
   324 | D:1      | Reached XP level 3. HP: 26/29 MP: 3/3
   981 | D:2      | You fall through a shaft!
   981 | D:3      | Noticed Ijyb
   989 | D:3      | Killed Ijyb
   989 | D:3      | Reached XP level 4. HP: 37/37 MP: 4/4
  1081 | D:2      | Found a sparkling altar of Nemelex Xobeh.
  1081 | D:2      | Found a stormy altar of Qazlal.
  1081 | D:2      | Found a blossoming altar of Fedhas.
  1081 | D:2      | Found a sacrificial altar of Ru.
  1085 | D:2      | Became a worshipper of Qazlal Stormbringer
  1291 | D:3      | Reached skill level 1 in Evocations
  1291 | D:3      | Reached XP level 5. HP: 42/42 MP: 5/5
  1584 | D:2      | Reached * piety under Qazlal
  1595 | D:2      | Slain by a gnoll

Skill      XL: |  1  2  3  4  5 |
---------------+----------------+-----
Shields        | 4 |  4.4
Staves         | 3 |  3.4
Evocations     | 1 |  1.2
Armour         | 4 |  4.0
Fighting       | |  3.9
Invocations    | |  0.9

Action                   |  1- 3 |  4- 6 || total
-------------------------+-------+-------++-------
Melee: Quarterstaff      |    89 |    67 ||   156
  Use: Potion            |     1 |       ||     1
  Eat: Chunk             |       |     1 ||     1
Armor: Scale mail        |    32 |    18 ||    50
       Skin              |     1 |       ||     1
Dodge: Dodged            |    30 |    21 ||    51
Block: Shield            |    39 |    38 ||    77
